 Dungeon Crawl Stone Soup version 0.28-a0-1184-g53156a8862 (webtiles) character file.

Game seed: 6958779837623504571

218 Crownlay the Digger (level 5, 0/28 HPs)
             Began as a Gargoyle Earth Elementalist on Dec 17, 2021.
             Killed from afar by Sigmund (6 damage)
             ... with a magic dart
             ... on level 3 of the Dungeon.
             The game lasted 00:04:58 (3093 turns).

Crownlay the Digger (Gargoyle Earth Elementalist)   Turns: 3093, Time: 00:04:58

Health: 0/28       AC:  7    Str: 12    XL:     5   Next: 95%
Magic:  5/12       EV: 11    Int: 17    God:
Gold:   164        SH:  0    Dex: 10    Spells: 9/13 levels left

rFire   + . .      SeeInvis .   a - +0 short sword
rCold   . . .      Faith    .   (no shield)
rNeg    + . .      Spirit   .   b - +0 robe
rPois   ∞          Reflect  .   h - +0 helmet
rElec   +          Harm     .   (no cloak)
rCorr   .          Rampage  .   (no gloves)
Will    .....                   (no boots)
Stlth   ++........              (no amulet)
HPRegen 0.09/turn               (no ring)
MPRegen 0.13/turn               (no ring)

@: brilliant
A: sickness immunity, AC +4, negative energy resistance 1, electricity
resistance, torment resistance 1, petrification resistance, fire resistance 1,
MP-powered wands
a: no special abilities


You were on level 3 of the Dungeon.
You visited 1 branch of the dungeon, and saw 3 of its levels.

You collected 164 gold pieces.

Inventory:

Hand Weapons
 a - a +0 short sword (weapon)
 g - a +1 mace of holy wrath
Missiles
 j - 37 stones
Armour
 b - a +0 robe (worn)
 h - a +0 helmet (worn)
Wands
 k - a wand of flame (25)
 m - a wand of mindburst (18)
Scrolls
 c - a scroll of magic mapping {unknown}
 e - a scroll of enchant weapon {unknown}
Potions
 d - a potion of might {unknown}
 f - a potion of brilliance


   Skills:
 - Level 1.5 Dodging
 - Level 2.1 Stealth
 * Level 4.6 Spellcasting
 - Level 0.7 Transmutations
 + Level 5.3 Earth Magic


You had 9 spell levels left.
You knew the following spells:

 Your Spells              Type           Power      Damage    Failure   Level
a - Sandblast             Erth           64%        2d14      1%          1
b - Stone Arrow           Conj/Erth      38%        3d9       16%         3

Your spell library contained the following spells:

 Spells                   Type           Power      Damage    Failure   Level
 Passwall                 Tmut/Erth      17%        N/A       6%          2
 Petrify                  Tmut/Erth      21%        N/A       38%         4


Dungeon Overview and Level Annotations

Branches:
Dungeon (3/15)

Altars:

Annotations:
D:3 Sigmund


Innate Abilities, Weirdness & Mutations

You are immune to sickness and miasma.
Your stone body is resilient. (AC +4)
You are immune to poison.
You resist negative energy. (rN+)
You are resistant to electric shocks. (rElec)
You are resistant to unholy torment.
You are immune to petrification.
Your flesh is heat resistant. (rF+)
You expend magic power (3 MP) to strengthen your wands.


Message History

Confirm with . or Enter, or press ? or * to list all spells.
Aiming: Sandblast (safe; 1% risk of failure)
Press: ? - help, Shift-Dir - straight line You feel a surge of power!
Something hits you.
Casting: Sandblast (safe; 1% risk of failure)
Confirm with . or Enter, or press ? or * to list all spells.
Aiming: Sandblast (safe; 1% risk of failure)
Press: ? - help, Shift-Dir - straight line You feel a surge of power!
The blast of sand hits something.
You hear some strange, mumbled words.
You are confused.
You hear a zap.
A puff of flame appears from out of thin air!
The puff of flame hits you.
* * * LOW HITPOINT WARNING * * *
You bump into the rock wall.
You hear a zap.
A puff of flame appears from out of thin air!
The puff of flame hits you.
* * * LOW HITPOINT WARNING * * *
It was a potion of mutation.
You feel extremely strange.
You feel your magical essence link to the dungeon's wands.
You feel resistant to heat.
It was a potion of curing.
You feel better.
You hear a zap.
A puff of flame appears from out of thin air!
The puff of flame hits you but does no damage.
You resist.
You are too injured to fight recklessly!
Casting: Sandblast (safe; 1% risk of failure)
Confirm with . or Enter, or press ? or * to list all spells.
The spell is quite dangerous to miscast (16% risk of failure)!
Continue anyway? [Y]es or [N]o only, please.
The spell is quite dangerous to miscast (16% risk of failure)!
Continue anyway?
Aiming: Stone Arrow (quite dangerous; 16% risk of failure)
Press: ? - help, Shift-Dir - straight line You feel a surge of power!
A magic dart appears from out of thin air!
The magic dart hits you.
You die...

#.# #.# #.# #.#
#.# #.#
######.####.#
#...........#
#####...........#
#..{..........>.#
#@###...........#
#.# #############
#.# #.# #.# #.#
#.. #..


There were no monsters in sight!

Vanquished Creatures
  Jessica (D:2)
  Natasha (thrice) (D:2)
  3 adders
  4 gnolls (D:2)
  A worm (D:3)
  2 dart slugs (D:1)
  3 bats
  4 endoplasms
  3 goblins
  5 hobgoblins
  4 jackals (D:1)
  3 kobolds
  4 quokkas
  5 ball pythons
  3 frilled lizards
  5 rats
53 creatures vanquished.

Notes
Turn   | Place    | Note
-------+----------+-------------------------------------------
     0 | D:1      | Crownlay the Gargoyle Earth Elementalist began the quest
                  | for the Orb.
     0 | D:1      | Reached XP level 1. HP: 10/10 MP: 3/3
   187 | D:1      | Reached XP level 2. HP: 15/15 MP: 0/5
   352 | D:1      | Reached skill level 4 in Earth Magic
   507 | D:1      | Found a faded altar of an unknown god.
   737 | D:1      | Reached XP level 3. HP: 9/19 MP: 0/7
  1192 | D:2      | Noticed Jessica
  1196 | D:2      | Killed Jessica
  1197 | D:2      | Reached XP level 4. HP: 20/24 MP: 3/9
  1201 | D:2      | Learned a level 3 spell: Stone Arrow
  1689 | D:2      | Reached XP level 5. HP: 28/28 MP: 7/11
  1904 | D:2      | Noticed Natasha
  1909 | D:2      | Killed Natasha
  1997 | D:2      | Noticed Natasha
  2003 | D:2      | Killed Natasha
  2004 | D:2      | Reached skill level 5 in Earth Magic
  2633 | D:2      | Noticed Natasha
  2640 | D:2      | Killed Natasha
  3067 | D:3      | Noticed Sigmund
  3090 | D:3      | HP: 1/28 [something/puff of flame (6)]
  3091 | D:3      | Gained mutation: You expend magic power (3 MP) to
                  | strengthen your wands. [potion of mutation]
  3091 | D:3      | Gained mutation: Your flesh is heat resistant. (rF+)
                  | [potion of mutation]
  3093 | D:3      | Killed from afar by Sigmund

Illustrated notes

Levels and vault maps discovered:
D:1:      co_arrival_random_square_maze, layout_rooms,
          shapermc_ecumenical_altar_ellora, minivault_14, eino_curves_02,
          wad_floor_pattern_untrapped
D:2:      cheibrodos_helix_gallery, layout_loops_cross, uniq_jessica,
          uniq_natasha
D:3:      layout_rooms, general_overflow_altar, grunt_ashenzari_visionary
          [grunt_ashenzari_visionary_shoals, grunt_ashenzari_visionary_snake],
          kennysheep_pointless_box, uniq_sigmund, uniq_terence

Skill      XL: |  1  2  3  4  5 |
---------------+----------------+-----
Earth Magic    | 4 5 |  5.3
Spellcasting   | 3 4 |  4.6
Dodging        | |  1.5
Stealth        | |  2.1
Transmutations | |  0.7

Action                   |  1- 3 |  4- 6 || total
-------------------------+-------+-------++-------
Melee: Unarmed           |     9 |       ||     9
       Short sword       |    40 |    33 ||    73
 Cast: Sandblast         |    26 |    27 ||    53
       Stone Arrow       |       |    15 ||    15
  Use: Potion            |       |     3 ||     3
Armor: Robe              |    23 |    25 ||    48
Dodge: Dodged            |    36 |    30 ||    66

Table legend: (Time is in decaauts)
 A = Elapsed time spent in this place.
 B = Non-inter-level travel time spent in this place.
 C = Inter-level travel time spent in this place.
 D = Time resting spent in this place.
 E = Time spent auto-exploring this place.
 F = Levels seen in this place.
 G = Mean time per level.
                   A        B        C        D        E       F      G
               +--------+--------+--------+--------+--------+-----+--------+
         Total |   3107 |   2949 |    158 |      0 |   2532 |   3 | 1035.7 |
       Dungeon |   3107 |   2949 |    158 |      0 |   2532 |   3 | 1035.7 |
               +--------+--------+--------+--------+--------+-----+--------+

Top non-repeatable levels by time:
     D:1: 1373 daAuts
     D:2: 1338 daAuts
     D:3: 395 daAuts
